 Dungeon Crawl Stone Soup version 0.21-a0-529-g8c7b3f5 (webtiles) character file.

61 KristoblXynda the Sneak (level 3, 0/24 HPs)
             Began as a Spriggan Enchanter on Dec 10, 2017.
             Killed from afar by an orc wizard (2 damage)
             ... with a puff of frost
             ... on level 3 of the Dungeon.
             The game lasted 00:05:41 (2728 turns).

KristoblXynda the Sneak (Spriggan Enchanter)        Turns: 2728, Time: 00:05:42

Health: 0/24       AC: 21    Str:  5    XL:     3   Next: 83%
Magic:  0/9        EV:  4    Int: 16    God:
Gold:   178        SH:  4    Dex: 16    Spells: 3/9 levels left

rFire    . . .     SeeInvis +   a - +1 dagger
rCold    . . .     Gourm    .   (shield restricted)
rNeg     + + +     Faith    .   (armour currently unavailable)
rPois    +         Spirit   .   (helmet currently unavailable)
rElec    .         Reflect  +   (cloak currently unavailable)
rCorr    .         Harm     .   (gloves unavailable)
MR       .....     NoTele   +   (boots unavailable)
Stlth    +++.......             m - +4 amulet of reflection
HPRegen  0.08/turn              (no ring)
MPRegen  0.11/turn              (no ring)

@: tree-form, very slightly contaminated, drained
A: very small, unfitting armour, see invisible, herbivore 3, slow metabolism 2
a: no special abilities


You were on level 3 of the Dungeon.
You were hungry.
You were a tree.
You visited 1 branch of the dungeon, and saw 3 of its levels.

You collected 178 gold pieces.

Inventory:

Hand Weapons
 a - a +1 dagger (weapon)
Armour
 b - a +0 robe (melded)
Jewellery
 m - a +4 amulet of reflection (around neck)
Scrolls
 k - a scroll of magic mapping {unknown}
 l - 2 scrolls of remove curse
Potions
 g - a potion of magic
Books
 c - a book of Maledictions

   Spells                             Type                      Level
   a - Corona                         Hexes                        1
   b - Ensorcelled Hibernation        Hexes/Ice                    2
   c - Confuse                        Hexes                        3
   d - Tukima's Dance                 Hexes                        3
   e - Dazzling Spray                 Conjuration/Hexes            3
Comestibles
 d - 2 bread rations
 f - a fruit
 j - 2 royal jellies


   Skills:
 - Level 1.1(0.2) Short Blades
 - Level 3.0(2.0) Dodging
 + Level 5.5(4.5) Stealth
 + Level 3.7(2.7) Spellcasting
 + Level 4.4(3.5) Hexes


You had 3 spell levels left.
You knew the following spells:

 Your Spells              Type           Power        Failure   Level  Hunger
a - Corona                Hex            ##.....      4%          1    #......
b - Ensorcelled Hibernat  Hex/Ice        #.....       14%         2    ##.....
c - Confuse               Hex            ##......     14%         3    ###....


Dungeon Overview and Level Annotations

Branches:
Dungeon (3/15)

Altars:


Innate Abilities, Weirdness & Mutations

You are very small and have problems with some larger weapons.
You are too small for most types of armour.
You have supernaturally acute eyesight. (SInv)
You are a herbivore.
((You cover ground extremely quickly.))
You need consume almost no food.


Message History

The orc wizard hits you but does no damage.
Casting: Confuse
Confirm with . or Enter, or press ? or * to list all spells.
You don't have enough magic to cast that spell.
Casting: Confuse
Confirm with . or Enter, or press ? or * to list all spells.
You don't know that spell.
Unknown command.
Casting: Confuse
Confirm with . or Enter, or press ? or * to list all spells.
You don't know that spell.
Casting: Confuse
Confirm with . or Enter, or press ? or * to list all spells.
Aiming: Ensorcelled Hibernation
Press: ? - help, Shift-Dir - straight line, f/p - orc wizard
Aim: an orc wizard, wielding a dagger and wearing a robe (moderately wounded, fast, chance to defeat MR: 38%)
The orc wizard resists with some effort.
The orc wizard points at you and mumbles some strange words.
Helpless, you fail to dodge the puff of frost.
You die...

### ##o## ##.#♣#
##.###.#
############.##
#..
...........o..#
###
#############..#
## ...... .####.
......... .(....
.........# ...#
#####.
##.#.......#
##..#


You could see an orc wizard.

Vanquished Creatures
  4 adders
  2 giant cockroaches
  A goblin (D:2)
  3 hobgoblins (D:2)
  A jackal (D:1)
  6 bats
  3 frilled lizards
  2 kobolds
  3 rats
25 creatures vanquished.

Notes
Turn   | Place    | Note
-------+----------+-------------------------------------------
     0 | D:1      | KristoblXynda the Spriggan Enchanter began the quest for the Orb.
     0 | D:1      | Reached XP level 1. HP: 9/9 MP: 5/5
   611 | D:2      | Reached XP level 2. HP: 13/13 MP: 7/7
   626 | D:2      | Learned a level 2 spell: Ensorcelled Hibernation
  1463 | D:2      | Noticed an ogre
  1505 | D:2      | Reached skill level 5 in Stealth
  1675 | D:2      | Reached XP level 3. HP: 16/16 MP: 5/8
  2028 | D:2      | Learned a level 3 spell: Confuse
  2728 | D:3      | Killed from afar by an orc wizard

Vault maps used:
D:1:      dpeg_arrival_orchard
D:2:      minmay_misc_feat_doors, lightli_corner_chamber
D:3:      uniq_natasha

Skill      XL: |  1  2 |
---------------+-------+-----
Spellcasting   | 3 |  3.7
Hexes          | 4 |  4.4
Stealth        | 5 |  5.5
Short Blades   | |  1.1
Dodging        | |  3.0

Action                   || total
-------------------------++-------
Melee: Dagger            ||   107
 Cast: Ensorcelled Hiber ||    20
       Confuse           ||     4
  Use: Potion            ||     4
       Scroll            ||     3
 Stab: Sleeping          ||    20
       Distracted        ||     1
       Confused          ||     1
  Eat: Fruit             ||     1
Armor: Robe              ||    19
       Skin              ||     3
Dodge: Dodged            ||    87
Block: Other             ||     3

Table legend:
 A = Spawn XP
 B = Non-spawn XP
 C = Spawn XP percentage of total XP
 D = Spawn monster count
 E = Non-spawn monster count
 F = Spawn count percentage of total count
 G = Total turns spent on level
                    A         B        C        D         E        F      G
               +---------+---------+-------+---------+---------+-------+---------
         Total |       0 |      88 |   0.0 |       0 |      25 |   0.0 |  2728
               +---------+---------+-------+---------+---------+-------+---------
           D:1 |       0 |      10 |   0.0 |       0 |       8 |   0.0 |   632
           D:2 |       0 |      61 |   0.0 |       0 |      14 |   0.0 |  1725
           D:3 |       0 |      17 |   0.0 |       0 |       3 |   0.0 |   371
               +---------+---------+-------+---------+---------+-------+---------
